 Dungeon Crawl Stone Soup version 0.29-a0-1023-g6ae1a4a2c7 (webtiles) character file.

Game seed: 10239386294149111189

1861 bwicke the Basher (level 8, 0/90 HPs)
             Began as a Demigod Gladiator on Aug 11, 2022.
             Slain by a steam dragon (5 damage)
             ... on level 6 of the Dungeon.
             The game lasted 00:19:01 (7102 turns).

bwicke the Basher (Demigod Gladiator)               Turns: 7102, Time: 00:19:02

Health: 0/90       AC:  5    Str: 19    XL:     8   Next: 59%
Magic:  28/28      EV: 12    Int: 14    God:
Gold:   317        SH:  0    Dex: 15    Spells: 7/7 levels left

rFire   . . .      SeeInvis .   p - +8 mace of Joiv {pain, *Rage rElec rCorr MP+9}
rCold   . . .      Faith    .   (no shield)
rNeg    . . .      Spirit   .   a - +0 leather armour
rPois   .          Reflect  .   b - +0 helmet
rElec   +          Harm     .   v - +0 cloak
rCorr   +          Rampage  .   (no gloves)
Will    .....      Rage     20% (no boots)
Stlth   ..........              (no amulet)
HPRegen 0.25/turn               u - +4 ring of slaying
MPRegen 0.21/turn               m - ring of magical power

@: berserking, very quick
A: high MP 1, forlorn, divine attributes
a: no special abilities


You were on level 6 of the Dungeon.
You visited 1 branch of the dungeon, and saw 6 of its levels.
You also visited: Ossuary.

You collected 317 gold pieces.

Inventory:

Hand Weapons
 j - a +2 flail of holy wrath
 p - the +8 mace of Joiv (weapon) {pain, *Rage rElec rCorr MP+9}
   (You found it on level 2 of the Dungeon)

   In the hands of one skilled in necromantic magic, it inflicts extra damage on
   living creatures.
   rElec:     It insulates you from electricity.
   MP:        It affects your magic capacity (+9).
   *Rage:     It berserks you when you make melee attacks (+20% chance).
   rCorr:     It protects you from acid and corrosion.
 s - a +2 antimagic whip
 t - the +11 spear of Podasuasyu {vamp, rN+}
   (You found it on level 2 of the Dungeon)

   It occasionally heals its wielder for a portion of the damage dealt when it
   wounds a living foe.
   rN:        It protects you from negative energy.
Missiles
 c - 2 throwing nets (quivered)
 d - a javelin
 o - 13 poisoned darts
Armour
 a - a +0 leather armour (worn)
 b - a +0 helmet (worn)
 v - a +0 cloak (worn)
Jewellery
 e - a ring of ice
 k - a ring of resist corrosion
 m - a ring of magical power (right hand)
 u - a +4 ring of slaying (left hand)
 w - a +6 ring of dexterity
Wands
 I - a wand of charming (7)
Scrolls
 g - a scroll of noise {unknown}
 q - 2 scrolls of fog
 r - a scroll of poison
 y - 5 scrolls of identify {unknown}
 B - a scroll of torment {unknown}
 D - a scroll of amnesia
 E - 2 scrolls of teleportation
 H - 2 scrolls of immolation
Potions
 f - 6 potions of curing
 h - a potion of mutation {unknown}
 i - a potion of might {unknown}
 l - 2 potions of heal wounds {unknown}
 n - a potion of attraction {unknown}
 x - 3 potions of degeneration {unknown}
 z - a potion of berserk rage {unknown}
 A - 2 potions of brilliance {unknown}
 C - 2 potions of haste {unknown}
 F - a potion of ambrosia {unknown}
 G - 2 potions of flight {unknown}


   Skills:
 - Level 1.7 Fighting
 + Level 9.9 Maces & Flails
 - Level 1.7 Throwing
 - Level 2.6 Dodging
 - Level 4.4 Unarmed Combat


You had 7 spell levels left.
You didn't know any spells.
Your spell library contained the following spells:

 Spells                   Type           Power      Damage    Failure   Level
 Ensorcelled Hibernation  Hex/Ice        0%         N/A       45%         2
 Passwall                 Tmut/Erth      0%         N/A       45%         2
 Gell's Gravitas          Tloc           0%         N/A       71%         3
 Swiftness                Air            0%         N/A       71%         3
 Teleport Other           Tloc           0%         N/A       71%         3
 Airstrike                Air            0%         2d(0-16)  98%         4
 Summon Lightning Spire   Summ/Air       0%         N/A       98%         4
 Lightning Bolt           Conj/Air       0%         1d11      100%        5
 Dispersal                Tloc           0%         N/A       100%        6


Dungeon Overview and Level Annotations

Branches:
Dungeon (6/15)            Ossuary (visited)
 Temple: D:4-7


Innate Abilities, Weirdness & Mutations

You have an increased reservoir of magic. (+10% MP)
You shall have no god before yourself.
Your divine heritage dramatically boosts your attributes as you level up.


Message History

You hit the steam dragon but do no damage.
The steam dragon is moderately wounded.
You are engulfed in a cloud of scalding steam.
The steam dragon breathes steam at you. The ball of steam misses you.
You closely miss the steam dragon.
The steam dragon is moderately wounded.
You are engulfed in a cloud of scalding steam.
* * * LOW HITPOINT WARNING * * *
The steam dragon closely misses you. The steam dragon barely misses you.
You closely miss the steam dragon.
The steam dragon is moderately wounded.
You are engulfed in a cloud of scalding steam.
* * * LOW HITPOINT WARNING * * *
The steam dragon misses you. The steam dragon barely misses you.
The steam dragon completely misses you. The steam dragon misses you.
You sock the steam dragon!
The steam dragon is severely wounded.
The steam dragon closely misses you. The steam dragon claws you.
* * * LOW HITPOINT WARNING * * *
Okay, then.
Unknown command.
Okay, then.
Unknown command.
You barely miss the steam dragon.
The steam dragon is severely wounded.
The steam dragon bites you.
* * * LOW HITPOINT WARNING * * *
The steam dragon claws you.
* * * LOW HITPOINT WARNING * * *
A red film seems to cover your vision as you go berserk!
You feel yourself moving faster!
You feel mighty!
You closely miss the steam dragon.
The steam dragon is severely wounded.
You closely miss the steam dragon.
The steam dragon is severely wounded.
The steam dragon bites you.
* * * LOW HITPOINT WARNING * * *
The steam dragon claws you.
You die...

#.# #.# #.. #.# #.#
#.# #D#############
#.@...........# ###
#.###########.###..
#.# ##.#.##.# #.#
##.###†#.# #.# #.##
##...
#.########..###.#..
........(....#.##.#
##########.##.###.#
#.#### #.#


You could see a steam dragon.

Vanquished Creatures
  The ghost of frimble the Digger, an amateur DsEE (D:5)
  A water moccasin (D:5)
  An ice beast (D:5)
  A black bear (D:6)
  2 ogres
  3 elf zombies
  2 necrophages
  2 elf skeletons (D:4)
  A howler monkey (D:6)
  2 centaur zombies (Ossuary)
  3 human zombies
  An orc priest (D:5)
  2 hounds (D:5)
  4 iguanas
  3 ogre zombies (Ossuary)
  7 mummies (Ossuary)
  7 adders
  3 gnolls (D:6)
  A shadow imp (D:5)
  4 adder zombies (Ossuary)
  3 worms
  A dart slug (D:1)
  21 orcs
  6 bats
  12 endoplasms
  5 giant cockroaches
  11 goblins
  9 hobgoblins
  3 quokkas
  7 ball pythons
  10 frilled lizards
  A goblin zombie (Ossuary)
  A hobgoblin zombie (Ossuary)
  7 kobolds
  8 kobold zombies (Ossuary)
  An orc skeleton (D:4)
  3 quokka zombies (Ossuary)
  3 rats
  4 rat zombies (Ossuary)
167 creatures vanquished.

Vanquished Creatures (others)
  5 fungi (D:2)
  4 plants (D:2)
9 creatures vanquished.

Grand Total: 176 creatures vanquished

Notes
Turn   | Place    | Note
-------+----------+-------------------------------------------
     0 | D:1      | bwicke the Demigod Gladiator began the quest for the Orb.
     0 | D:1      | Reached XP level 1. HP: 17/17 MP: 3/3
   426 | D:1      | Reached XP level 2. HP: 12/24 MP: 4/4
  1567 | D:2      | Reached XP level 3. HP: 28/29 MP: 5/5
  2007 | D:2      | Identified the +8 mace of Joiv {pain, *Rage rElec rCorr
                  | MP+9}
  2287 | D:2      | Identified the +11 spear of Podasuasyu {vamp, rN+}
  2702 | D:2      | Reached XP level 4. HP: 36/36 MP: 6/6
  2711 | D:2      | Reached skill level 1 in Maces & Flails
  3387 | D:3      | Reached skill level 2 in Maces & Flails
  4024 | D:4      | Reached skill level 3 in Maces & Flails
  4024 | D:4      | Reached XP level 5. HP: 41/41 MP: 7/7
  4033 | D:4      | Found a sand-covered staircase.
  4059 | D:4      | Reached skill level 4 in Maces & Flails
  4075 | D:4      | Reached XP level 6. HP: 19/48 MP: 8/8
  4088 | D:4      | Reached skill level 5 in Maces & Flails
  4136 | Ossuary  | Entered an ossuary
  4489 | Ossuary  | Reached skill level 6 in Maces & Flails
  4544 | Ossuary  | Reached XP level 7. HP: 53/53 MP: 9/9
  4910 | D:4      | Reached skill level 7 in Maces & Flails
  5511 | D:5      | Entered Level 5 of the Dungeon
  5756 | D:5      | Reached skill level 8 in Maces & Flails
  5759 | D:5      | Reached XP level 8. HP: 60/60 MP: 10/10
  6161 | D:5      | Found a large runed translucent door.
  6161 | D:5      | Found a large runed translucent door.
  6169 | D:5      | Reached skill level 9 in Maces & Flails
  6480 | D:5      | Noticed frimble's ghost (amateur DsEE)
  6648 | D:5      | Killed frimble's ghost
  7102 | D:6      | Slain by a steam dragon

Illustrated notes

Levels and vault maps discovered:
D:1:      lemuel_arrival_rhombus, layout_loops_ring,
          nicolae_concentric_dashed_squares_mild, grunt_decor_junction,
          minmay_lizard_pond
D:2:      layout_basic, dreamdust_ecumenical_altar_grove,
          grunt_decor_mini_mirrors, minmay_ruptured
D:3:      layout_loops_ring, mainiacjoe_overflow_chevrons,
          minmay_misc_feat_diagonals, grunt_ministairs_13
D:4:      layout_basic, lemuel_round_altar, general_overflow_altar,
          nicolae_ossuary_entry_catacombs
D:5:      layout_cave_pods, nicolae_overflow_crystal_walls,
          ebering_ghost_disaster_area, nicolae_figureground_pulse
D:6:      layout_loops_ring, overflow_temple_1_default, bh_walls_and_bars,
          uniq_maggie

Skill      XL: |  1  2  3  4  5  6  7  8 |
---------------+-------------------------+-----
Unarmed Combat | 3 4 |  4.4
Maces & Flails | 3 4 6 8 9 |  9.9
Fighting       | |  1.7
Throwing       | |  1.7
Dodging        | |  2.6

Action                   |  1- 3 |  4- 6 |  7- 9 || total
-------------------------+-------+-------+-------++-------
Melee: Unarmed           |   151 |       |       ||   151
       Punch             |     7 |     5 |     3 ||    15
       Mace              |    18 |    83 |   111 ||   212
       Flail             |       |    57 |    39 ||    96
Throw: Throwing net      |       |     1 |       ||     1
  Use: Scroll            |       |     5 |       ||     5
       Potion            |       |       |     1 ||     1
 Stab: Sleeping          |     1 |       |     1 ||     2
Armor: Leather armour    |    51 |    37 |    29 ||   117
Dodge: Dodged            |    88 |    68 |    91 ||   247

Table legend: (Time is in decaauts)
 A = Elapsed time spent in this place.
 B = Non-inter-level travel time spent in this place.
 C = Inter-level travel time spent in this place.
 D = Time resting spent in this place.
 E = Time spent auto-exploring this place.
 F = Levels seen in this place.
 G = Mean time per level.
                   A        B        C        D        E       F      G
               +--------+--------+--------+--------+--------+-----+--------+
         Total |   7340 |   7087 |    253 |    414 |   4958 |   7 | 1048.6 |
       Dungeon |   6740 |   6487 |    253 |    264 |   4902 |   6 | 1123.3 |
       Ossuary |    599 |    599 |      0 |    150 |     56 |   1 |  599.0 |
               +--------+--------+--------+--------+--------+-----+--------+

Top non-repeatable levels by time:
     D:1: 1506 daAuts
     D:5: 1419 daAuts
     D:2: 1352 daAuts
     D:4: 1115 daAuts
     D:3: 1109 daAuts
 Ossuary: 599 daAuts
     D:6: 237 daAuts
